[Event "Team 45 45 League T41"]
[Site "Internet Chess Club"]
[Date "2009.05.04"]
[Round "1"]
[White "g8wrb"]
[Black "PostMike"]
[Result "1/2-1/2"]
[WhiteElo "1456"]
[BlackElo "1567"]
[Opening "Sicilian: Alapin's variation (2.c3)"]
[ECO "B22"]
[Time "14:30:08"]
[TimeControl "2700+45"]

1. e4 c5 2. c3 e5 3. Nf3 Nc6 4. d4 cxd4 5. cxd4 Bb4+ 6. Nc3 exd4 7. Nxd4 Qf6 8.
Be3 Nge7 9. Be2 O-O 10. O-O a6 11. a3 Bd6 12. Nf3 h6 13. Qd2 b5 14. Rad1 Bc7 15.
Bc5 Rd8 16. Qe3 Bf4 17. Qd3 Bb7 18. Bb6 Ne5 19. Nxe5 Qxe5 20. g3 Bg5 21. Bxd8
Rxd8 22. f4 Qc5+ 23. Qd4 Qxd4+ 24. Rxd4 Nc6 25. Rdd1 Be7 26. Bf3 Bc5+ 27. Kg2
Nd4 28. Bg4 Bc6 29. Rfe1 Nc2 30. Bf3 Nxe1+ 31. Rxe1 f6 32. Rd1 Kf7 33. Nd5 a5
34. Rc1 Bd6 35. Rd1 Bb8 36. Bh5+ g6 37. Bg4 h5 38. Bf3 Ba7 39. b4 a4 40. Be2 Rb8
41. Kf3 Rb7 {Game drawn by mutual agreement} 1/2-1/2

[Event "Team 45 45 League T41"]
[Site "Internet Chess Club"]
[Date "2009.05.01"]
[Round "1"]
[White "tragicnate"]
[Black "AtomicDog"]
[Result "0-1"]
[WhiteElo "1367"]
[BlackElo "1295"]
[Opening "Sicilian"]
[ECO "B50"]
[Time "09:54:58"]
[TimeControl "2700+45"]

1. e4 c5 2. Nf3 d6 3. Bc4 e6 4. Nc3 Nc6 5. d3 Be7 6. Be3 a6 7. O-O Qc7 8. a4 Nf6
9. Qd2 O-O 10. Rad1 b6 11. Rfe1 Bb7 12. Bg5 Rfd8 13. Qf4 Rd7 14. Qg3 Nd4 15.
Nxd4 cxd4 16. Na2 Nh5 17. Qg4 Bxg5 18. Qxg5 Nf6 19. e5 Nd5 20. exd6 Qxd6 21. Re4
Nf6 22. Rf4 h6 23. Qg3 Nh5 24. Rxf7 Nxg3 25. Rxd7 Qxd7 26. hxg3 Qc6 27. f3 Kh7
28. Re1 Re8 29. b3 Re7 30. Nb4 Qe8 31. Nxa6 Bxa6 32. Bxa6 Rc7 33. Bc4 e5 34. f4
Re7 35. Bb5 Qh5 36. Bc6 Qg4 37. Kf2 Qc8 38. Be4+ Kh8 39. Re2 exf4 40. gxf4 Qg4
41. g3 g5 42. Bf3 Rxe2+ 43. Bxe2 Qf5 44. Kf3 h5 45. Kf2 gxf4 46. gxf4 Qxf4+ 47.
Bf3 Kg7 48. Kg2 Qd2+ 49. Kg3 Qxc2 50. Bxh5 Qxd3+ 51. Bf3 Qxb3 52. Kf2 Qxa4 53.
Be2 b5 54. Ke1 Kf6 55. Kd2 Ke5 56. Kd3 Qc4+ 57. Kd2 Qc3+ 58. Kd1 b4 59. Ba6 Qa1+
60. Kc2 Qxa6 61. Kb3 Qa3+ 62. Kc2 Qh3 63. Kb2 d3 64. Kc1 Qh2 65. Kd1 Qe2+ 66.
Kc1 d2+ 67. Kb2 d1=R+ 68. Kb3 Qe4 69. Kb2 Qd4+ 70. Ka2 Qa1+ 71. Kb3 Rc1 72. Kxb4
Qb1+ 73. Ka3 Kd4 74. Ka4 Kc4 75. Ka3 Qb3# {White checkmated} 0-1

[Event "Team 45 45 League T41"]
[Site "Internet Chess Club"]
[Date "2009.05.02"]
[Round "1"]
[White "AMAV"]
[Black "therealwizard"]
[Result "1/2-1/2"]
[WhiteElo "2043"]
[BlackElo "2259"]
[Opening "King's Indian: East Indian defense"]
[ECO "A48"]
[Time "18:09:42"]
[TimeControl "2700+45"]

1. d4 Nf6 2. Nf3 g6 3. e3 Bg7 4. Be2 O-O 5. b3 c5 6. Bb2 b6 7. O-O Bb7 8. c4
cxd4 9. Nxd4 Nc6 10. Bf3 Qc7 11. Na3 a6 12. Nac2 Nxd4 13. Nxd4 Ne4 14. Qc2 f5
15. Rad1 e5 16. Ne2 d5 17. Bxe4 dxe4 18. Rd2 Rad8 19. Rfd1 Rxd2 20. Qxd2 b5 21.
cxb5 axb5 22. Nc3 Qc6 23. Nd5 Qxd5 24. Qxd5+ Bxd5 25. Rxd5 Ra8 26. Bxe5 Rxa2 27.
Bxg7 Kxg7 28. g3 b4 29. Rb5 Kf6 30. Rxb4 Kg5 31. Kg2 Rb2 32. h4+ Kg4 33. Rb7 h6
34. Rb6 Kh5 35. Rb5 Kg4 36. Rb6 Kh5 37. g4+ Kxg4 38. Rxg6+ Kxh4 39. Rxh6+ Kg5
40. Rb6 f4 41. exf4+ Kxf4 42. Rb4 Rb1 43. Rb8 Rb2 44. Rf8+ Kg4 45. Rg8+ Kf4 46.
Rg3 Rb1 {Game drawn by mutual agreement} 1/2-1/2

[Event "Team 45 45 League T41"]
[Site "Internet Chess Club"]
[Date "2009.05.02"]
[Round "1"]
[White "alexdb"]
[Black "playwaycool"]
[Result "0-1"]
[WhiteElo "1966"]
[BlackElo "2041"]
[Opening "Scotch gambit: Dubois-Réti defense"]
[ECO "C55"]
[Time "23:14:40"]
[TimeControl "2700+45"]

1. e4 e5 2. Nf3 Nc6 3. d4 exd4 4. Bc4 Nf6 5. e5 Ne4 6. O-O Be7 7. Bd5 Nc5 8. a3
Ne6 9. Nbd2 O-O 10. Nb3 d6 11. Bxc6 bxc6 12. exd6 cxd6 13. Nbxd4 Nxd4 14. Nxd4
Bd7 15. Qf3 d5 16. Nf5 Bxf5 17. Qxf5 Bf6 18. Rb1 Re8 19. Qd3 a5 20. a4 Qe7 21.
Be3 Qe4 22. Qxe4 Rxe4 23. b3 Bc3 24. Rbd1 d4 25. Rd3 c5 26. Bd2 Bxd2 27. Rxd2
Rae8 28. f3 Re3 29. Kf2 Kf8 30. Rfd1 R8e6 31. Kf1 Ke7 32. Rd3 Kd6 33. c3 Rxd3
34. Rxd3 Kd5 35. Kf2 Rb6 36. cxd4 cxd4 37. Ke2 f5 38. g3 g5 39. f4 g4 40. Kd2
Rh6 {White resigns} 0-1

[Event "Team 45 45 League T41"]
[Site "Internet Chess Club"]
[Date "2009.05.02"]
[Round "1"]
[White "Gregorio"]
[Black "Wheels"]
[Result "1-0"]
[WhiteElo "2095"]
[BlackElo "1977"]
[Opening "English opening"]
[ECO "A15"]
[Time "20:00:10"]
[TimeControl "2700+45"]

1. c4 Nf6 2. Nf3 g6 3. b4 Bg7 4. Bb2 d6 5. g3 O-O 6. Bg2 e5 7. O-O a6 8. d4 exd4
9. Bxd4 Nc6 10. Bc3 Re8 11. Nd4 Ne5 12. Nd2 Rb8 13. N4b3 Bf5 14. Rc1 Qe7 15. Re1
Bh6 16. f4 Neg4 17. e4 Bd7 18. h3 Bg7 19. hxg4 Bxg4 20. Bxf6 Bxd1 21. Bxe7 Bxb3
22. Bxd6 cxd6 23. Nxb3 h5 24. Red1 Bf8 25. Rd5 Rbc8 26. a4 Kg7 27. b5 Rc7 28.
Nd4 Rec8 29. Bf1 Be7 30. f5 Bg5 31. Rd1 Kf6 {Black resigns} 1-0

[Event "Team 45 45 League T41"]
[Site "Internet Chess Club"]
[Date "2009.04.30"]
[Round "1"]
[White "Philly-Boy"]
[Black "b-spot"]
[Result "0-1"]
[WhiteElo "1805"]
[BlackElo "1752"]
[Opening "Grünfeld: exchange, classical variation"]
[ECO "D86"]
[Time "21:00:10"]
[TimeControl "2700+45"]

1. d4 Nf6 2. c4 g6 3. Nc3 d5 4. cxd5 Nxd5 5. e4 Nxc3 6. bxc3 Bg7 7. Bc4 O-O 8.
Ba3 b6 9. Ne2 Bb7 10. f3 c5 11. d5 Nd7 12. O-O Qc7 13. f4 Nf6 14. e5 Ng4 15. Qd3
Rad8 16. Rad1 a6 17. Bb3 b5 18. c4 Bxd5 19. cxd5 c4 20. Bxc4 bxc4 21. Qf3 Qb6+
22. Kh1 Ne3 23. Rb1 Qa7 24. Rfc1 Rfe8 25. d6 exd6 26. Bxd6 Nf5 27. Rd1 Nxd6 28.
exd6 Bf8 29. Rb7 Qe3 30. Qd5 Re6 31. d7 Rd6 {White resigns} 0-1

[Event "Team 45 45 League T41"]
[Site "Internet Chess Club"]
[Date "2009.04.30"]
[Round "1"]
[White "BadHabitMarco"]
[Black "TDogg"]
[Result "1-0"]
[WhiteElo "2055"]
[BlackElo "2089"]
[Opening "Sicilian: dragon, Yugoslav attack, Rauser variation"]
[ECO "B76"]
[Time "11:30:08"]
[TimeControl "2700+45"]

1. e4 c5 2. Nf3 d6 3. d4 cxd4 4. Nxd4 Nf6 5. Nc3 g6 6. Be3 Bg7 7. f3 O-O 8. Qd2
Nc6 9. O-O-O Nxd4 10. Bxd4 Be6 11. Kb1 Rc8 12. h4 h5 13. g4 hxg4 14. h5 Nxh5 15.
Bxg7 Nxg7 16. Qh6 f6 17. Qxg6 Qe8 18. Qh7+ Kf7 19. Rh6 Rg8 20. Bd3 Bc4 21. Bxc4+
Rxc4 22. Nd5 Ke6 23. f4 Kd7 24. Rxf6 Kc8 25. Nxe7+ Qxe7 26. Qxg8+ {Black
resigns} 1-0

[Event "Team 45 45 League T41"]
[Site "Internet Chess Club"]
[Date "2009.05.05"]
[Round "1"]
[White "tc66062"]
[Black "koni"]
[Result "0-1"]
[WhiteElo "1852"]
[BlackElo "1935"]
[Opening "Pirc defense"]
[ECO "B07"]
[Time "17:00:18"]
[TimeControl "2700+45"]

1. e4 d6 2. d4 Nf6 3. Nc3 e5 4. d5 Be7 5. f3 Nh5 6. Be3 Bg5 7. Qd2 Bxe3 8. Qxe3
O-O 9. Nge2 c6 10. g4 Qh4+ 11. Qf2 Qxf2+ 12. Kxf2 Nf6 13. Ng3 cxd5 14. Nxd5 Nxd5
15. exd5 f5 16. gxf5 Bxf5 17. Nxf5 Rxf5 18. Bh3 Rf8 19. Ke3 Na6 20. c3 Rf4 21.
Rhg1 Raf8 22. Bg4 Nc5 23. Raf1 g6 24. h4 Kg7 25. h5 g5 26. b4 Na4 27. Rc1 Nb6
28. Rcd1 h6 29. Rg3 Nc4+ 30. Ke2 e4 31. Rd4 exf3+ 32. Rxf3 Rxf3 33. Bxf3 Ne5 34.
Bg2 Rf4 35. Rxf4 gxf4 36. Bf3 Kf6 37. a3 b5 38. Be4 Kg5 39. Bc2 Kxh5 40. a4 a6
41. axb5 axb5 42. Kf2 Kg5 43. Bd1 Nc4 44. Be2 Nb6 45. Bxb5 Nxd5 46. Bc6 Nxc3 47.
b5 Na4 48. Kf3 Kf5 49. Be4+ Ke5 50. Bc6 Nb6 51. Be4 d5 52. Bd3 h5 53. Bg6 h4 54.
Kg4 h3 55. Kxh3 Kd4 56. Kg2 Ke3 57. Kf1 d4 58. Ke1 d3 59. Bh5 f3 60. Bxf3 Kxf3
61. Kd2 Ke4 62. Kd1 Ke3 63. Ke1 d2+ 64. Kd1 Nc8 65. b6 Nxb6 66. Kc2 Ke2 67. Kb2
Nc8 68. Kc3 d1=Q 69. Kb2 Qd3 70. Kc1 Qd2+ 71. Kb1 Kd3 72. Ka1 Kc3 73. Kb1 Qb2#
{White checkmated} 0-1

[Event "Team 45 45 League T41"]
[Site "Internet Chess Club"]
[Date "2009.05.04"]
[Round "1"]
[White "Paulkov"]
[Black "JoePio"]
[Result "0-1"]
[WhiteElo "1821"]
[BlackElo "1914"]
[Opening "Caro-Kann: classical variation"]
[ECO "B18"]
[Time "21:03:42"]
[TimeControl "2700+45"]

1. e4 c6 2. d4 d5 3. Nc3 dxe4 4. Nxe4 Bf5 5. Ng3 Bg6 6. Nf3 Nf6 7. Bc4 e6 8. O-O
c5 9. Bb5+ Nbd7 10. Bg5 Be7 11. Ne5 O-O 12. Bxd7 Nxd7 13. Nxg6 hxg6 14. Bxe7
Qxe7 15. Re1 Nf6 16. d5 Rfd8 17. c4 Rd6 18. Qf3 Rb8 19. Rad1 b6 20. Qf4 Rbd8 21.
Ne4 Nxe4 22. Qxe4 Qb7 23. Qf3 exd5 24. Rxd5 Rxd5 25. cxd5 Qxd5 26. Qxd5 Rxd5 27.
Kf1 Kf8 28. Re3 Rd2 29. Ra3 Rxb2 30. Rxa7 c4 31. Rc7 b5 32. a4 bxa4 33. Rxc4 a3
34. Rc8+ Ke7 35. Ra8 a2 36. Ra7+ Kf6 37. Ra6+ Kg5 38. h4+ Kxh4 39. g3+ Kh3 40.
Ra8 Rb1+ 41. Ke2 a1=Q {White resigns} 0-1

[Event "Team 45 45 League T41"]
[Site "Internet Chess Club"]
[Date "2009.05.03"]
[Round "1"]
[White "kenjr"]
[Black "SneakyRed"]
[Result "0-1"]
[WhiteElo "1859"]
[BlackElo "1993"]
[Opening "Caro-Kann: classical variation"]
[ECO "B18"]
[Time "15:00:29"]
[TimeControl "2700+45"]

1. e4 c6 2. d4 d5 3. Nc3 dxe4 4. Nxe4 Bf5 5. Ng3 Bg6 6. N1e2 Nf6 7. Nf4 Nbd7 8.
h4 e5 9. Nxg6 hxg6 10. dxe5 Qa5+ 11. Bd2 Qxe5+ 12. Qe2 Bc5 13. f3 Qxe2+ 14. Bxe2
Bd4 15. O-O-O Bf2 16. Bf4 Nd5 17. Bd6 Be3+ 18. Kb1 Bf4 19. Bxf4 Nxf4 20. Bf1 Nf6
21. Re1+ Kd7 22. Rd1+ Kc7 23. Ne2 Nxe2 24. Bxe2 Nh5 25. Bc4 f6 26. Bf7 Ng3 27.
Rhe1 Nf5 28. a4 Rad8 29. Rxd8 Kxd8 30. Bxg6 Nxh4 31. Bf7 Nxg2 32. Re2 Rf8 33.
Rd2+ Ke7 34. Bg6 Nf4 35. Bf5 Rd8 36. Rh2 g6 37. Rh7+ Kd6 38. Rh4 Ke5 39. Bh3
Nxh3 40. Rxh3 Rd7 41. Kc1 g5 42. b3 Kf4 43. Rh6 f5 44. Rf6 Kxf3 45. Rxf5+ Kg4
46. Rf8 Kg3 47. Rg8 g4 48. Kb2 Kf3 49. Rf8+ Kg2 50. Rg8 g3 51. Kc3 Kf2 52. Rf8+
Kg1 53. Rg8 g2 54. Kb4 Rf7 55. c4 Kf2 56. a5 a6 57. Kc5 g1=Q 58. Rxg1 Kxg1 59.
Kb6 Kf2 60. b4 Ke3 61. b5 cxb5 62. cxb5 axb5 63. Kxb5 Rf6 {White resigns} 0-1

[Event "Team 45 45 League T41"]
[Site "Internet Chess Club"]
[Date "2009.05.03"]
[Round "1"]
[White "Hominid"]
[Black "yemisco1"]
[Result "0-1"]
[WhiteElo "1343"]
[BlackElo "1498"]
[Opening "English opening"]
[ECO "A22"]
[Time "15:20:30"]
[TimeControl "2700+45"]

1. c4 e5 2. Nc3 Nf6 3. e4 a6 4. Nf3 Nc6 5. a3 Bc5 6. h3 d6 7. d3 h6 8. Be2 Bd7
9. b4 Ba7 10. O-O O-O 11. b5 axb5 12. cxb5 Nd4 13. Nxd4 Bxd4 14. Bd2 Bxc3 15.
Bxc3 Bxb5 16. a4 Bd7 17. a5 Bb5 18. Re1 c5 19. Qb3 Bc6 20. Bf3 Qc8 21. Re3 Qe6
22. Qxe6 fxe6 23. Ree1 Nd7 24. Bg4 Rf6 25. Re3 Nf8 26. Rf3 Rxf3 27. Bxf3 Kf7 28.
h4 g6 29. g4 g5 30. hxg5 hxg5 31. Bd1 Kg6 32. Bb3 Kf6 33. Kg2 Ng6 34. Bd2 d5 35.
f3 Ne7 36. Be3 d4 37. Bd2 Bb5 38. Bc4 Bxc4 39. dxc4 Nc6 40. Ra4 Ra6 41. Kf2 b6
42. Ke2 bxa5 43. Kd3 Kg6 44. Kc2 Kf6 45. Kd3 Ra8 46. Kc2 Rb8 47. Bxa5 Kg6 48.
Bd2 Rf8 49. Ra3 Kf6 50. Ra6 d3+ 51. Kxd3 Nd4 52. Ke3 Rc8 53. Ra7 Kg6 54. Ra6 Rf8
55. Ra5 Rxf3# {White checkmated} 0-1

[Event "Team 45 45 League T41"]
[Site "Internet Chess Club"]
[Date "2009.04.29"]
[Round "1"]
[White "Aquaman"]
[Black "nobull"]
[Result "0-1"]
[WhiteElo "1367"]
[BlackElo "1517"]
[Opening "Réti opening"]
[ECO "A05"]
[Time "20:00:35"]
[TimeControl "2700+45"]

1. Nf3 Nf6 2. g3 c6 3. Bg2 d5 4. d3 Nbd7 5. Nbd2 Qc7 6. O-O e5 7. e4 Bd6 8. Re1
Nb6 9. a4 a5 10. b3 Bg4 11. h3 Be6 12. Ba3 Bxa3 13. Rxa3 d4 14. Ng5 Bd7 15. Nb1
h6 16. Nf3 Be6 17. Ra1 O-O 18. c3 c5 19. c4 Rfe8 20. Rf1 Nfd7 21. Nh4 Nf8 22.
Qh5 Nbd7 23. Nf5 Nf6 24. Qf3 Rad8 25. Nxh6+ gxh6 26. Qxf6 Ng6 27. Qf3 Qd7 28.
Kh2 Qe7 29. Qh5 Qg5 30. Qxg5 hxg5 31. Na3 Bd7 32. Nc2 Kg7 33. Ne1 Rh8 34. Nf3 f6
35. Rh1 Rh6 36. Kg1 Rdh8 37. Nd2 Bxh3 38. Bxh3 Rxh3 39. Rxh3 Rxh3 40. Kg2 Rh8
41. Rh1 Ne7 42. Rxh8 Kxh8 43. Kf1 Kg7 44. Ke2 Kg6 45. g4 Kf7 46. Nf1 Ke6 47. Ng3
Nc6 48. Kd2 Nb4 49. Ne2 Na2 50. Kc2 Nb4+ 51. Kd2 b6 52. f3 Nc6 53. Ng3 Ne7 54.
Ke2 Ng6 55. Kd2 Nf4 56. Nf5 Ng2 57. Ng7+ Kf7 58. Nf5 Ke6 59. Ng7+ Kf7 60. Nf5
Ke6 61. Ng7+ Ke7 62. Nf5+ Kd7 63. Ke2 Nf4+ 64. Kd2 Ng2 65. Ke2 Nh4 66. Nxh4 gxh4
67. Kf2 Ke7 68. Kg2 Kf7 69. Kh3 Kg6 70. Kxh4 Kh6 71. Kg3 Kg5 72. Kf2 Kf4 73. Ke2
Kg3 74. g5 fxg5 75. f4 gxf4 76. Kf1 Kf3 77. Ke1 Ke3 78. Kf1 Kxd3 79. Kf2 Kxe4
80. Ke2 {White resigns} 0-1

[Event "Team 45 45 League T41"]
[Site "Internet Chess Club"]
[Date "2009.05.01"]
[Round "1"]
[White "Glassywoman"]
[Black "cubic"]
[Result "1-0"]
[WhiteElo "1501"]
[BlackElo "1365"]
[Opening "Bishop's opening: Classical variation"]
[ECO "C23"]
[Time "20:00:10"]
[TimeControl "2700+45"]

1. e4 e5 2. Bc4 Bc5 3. Nf3 Nf6 4. d3 O-O 5. Nxe5 d6 6. Nf3 Nc6 7. h3 Ne5 8. Bb3
Re8 9. O-O c6 10. Nxe5 dxe5 11. Nd2 Kh8 12. Nf3 Nh5 13. Bxf7 Rf8 14. Bxh5 g6 15.
Bg4 Bxg4 16. hxg4 Qf6 17. b3 h5 18. gxh5 gxh5 19. Bb2 Bd4 20. Nxd4 exd4 21.
Qxh5+ Kg7 22. Qg4+ Kf7 23. Qd7+ Kg8 24. Bxd4 Qg5 25. Qxb7 Rad8 26. c3 Rf7 27.
Qxc6 Rxd4 {Black resigns} 1-0

[Event "Team 45 45 League T41"]
[Site "Internet Chess Club"]
[Date "2009.05.05"]
[Round "1"]
[White "nozmov"]
[Black "Kalar-Yadwa"]
[Result "1-0"]
[WhiteElo "1418"]
[BlackElo "1323"]
[Opening "Bird's opening"]
[ECO "A03"]
[Time "15:31:13"]
[TimeControl "2700+45"]

1. f4 d5 2. b3 e6 3. Nf3 Nf6 4. Bb2 Nbd7 5. e3 a6 6. Be2 Be7 7. O-O c5 8. c4 Nb6
9. cxd5 exd5 10. Ne5 Nbd7 11. d3 O-O 12. Nd2 Re8 13. Ndf3 Nxe5 14. Nxe5 Nd7 15.
Bg4 Nxe5 16. fxe5 Bxg4 17. Qxg4 Bg5 18. Rf3 Re6 19. Raf1 Rg6 20. Qf5 f6 21. Qe6+
Kh8 22. exf6 Bxf6 23. Rxf6 gxf6 24. Rxf6 Rxg2+ 25. Kxg2 Qg8+ 26. Rg6+ {Black
resigns} 1-0

[Event "Team 45 45 League T41"]
[Site "Internet Chess Club"]
[Date "2009.05.01"]
[Round "1"]
[White "budugu"]
[Black "mongmong"]
[Result "1-0"]
[WhiteElo "1611"]
[BlackElo "1592"]
[Opening "French defense"]
[ECO "C00"]
[Time "23:52:10"]
[TimeControl "2700+45"]

1. e4 e6 2. Nf3 d5 3. exd5 exd5 4. d4 Nf6 5. c4 c6 6. Nc3 Bb4 7. cxd5 Nxd5 8.
Bd2 Qe7+ 9. Be2 Bxc3 10. bxc3 O-O 11. O-O Bg4 12. h3 Bh5 13. Re1 Qc7 14. Ne5
Bxe2 15. Rxe2 Nd7 16. c4 N5b6 17. Ba5 Nxe5 18. Rxe5 Qd7 19. Bxb6 axb6 20. d5
Rad8 21. Qb3 Qc7 22. Rae1 Rd7 23. Qe3 cxd5 24. cxd5 f6 25. Re8 Rd8 26. Re7 Rd7
27. Qe6+ {Black resigns} 1-0

[Event "Team 45 45 League T41"]
[Site "Internet Chess Club"]
[Date "2009.05.02"]
[Round "1"]
[White "ticopatzer"]
[Black "alaskauk"]
[Result "1-0"]
[WhiteElo "1552"]
[BlackElo "1488"]
[Opening "Ruy Lopez: Caro variation"]
[ECO "C70"]
[Time "10:03:19"]
[TimeControl "2700+45"]

1. e4 e5 2. Nf3 Nc6 3. Bb5 a6 4. Ba4 b5 5. Bb3 h6 6. O-O Nf6 7. d4 d6 8. dxe5
Nxe5 9. Nxe5 dxe5 10. Qxd8+ Kxd8 11. Be3 Bb7 12. Rd1+ Bd6 13. f3 Ke7 14. Nc3
Rhd8 15. Bf2 Rd7 16. a4 b4 17. Nd5+ Nxd5 18. exd5 a5 19. c3 Rad8 20. c4 c5 21.
Bc2 Bc8 22. b3 Rb7 23. Re1 f6 24. f4 Kf7 25. fxe5 Bxe5 26. Rad1 Bd6 27. Rd3 Bf5
28. Rd2 Bxc2 29. Rxc2 Re8 30. Rce2 Rbe7 31. Rxe7+ Rxe7 32. Rxe7+ Kxe7 33. g4 Kf7
34. Kg2 Be7 35. Kf3 Ke8 36. Bg3 Kd7 37. Ke4 g6 38. h4 Bf8 39. h5 gxh5 40. gxh5
Be7 41. Kf5 {Black resigns} 1-0

[Event "Team 45 45 League T41"]
[Site "Internet Chess Club"]
[Date "2009.05.05"]
[Round "1"]
[White "malihini"]
[Black "cobbler"]
[Result "0-1"]
[WhiteElo "1250"]
[BlackElo "1318"]
[Opening "French: advance, Paulsen attack"]
[ECO "C02"]
[Time "15:00:30"]
[TimeControl "2700+45"]

1. e4 e6 2. d4 d5 3. e5 c5 4. c3 Nc6 5. Nf3 h5 6. Bb5 a6 7. Ba4 b5 8. Bc2 Nh6 9.
Bg5 Be7 10. Bxe7 Qxe7 11. O-O Nf5 12. Qd2 Rh6 13. Bxf5 exf5 14. Re1 Be6 15. dxc5
Qxc5 16. Qe3 Qxe3 17. Rxe3 f4 18. Re2 Bg4 19. Nbd2 h4 20. Rae1 Be6 21. Nd4 Nxd4
22. cxd4 Rg6 23. h3 Bxh3 24. Kh2 Bg4 25. f3 Be6 26. Nb3 Ke7 27. Nc5 Bf5 28. b4
Rh8 29. Rg1 Rg3 30. Nxa6 h3 {White resigns} 0-1

[Event "Team 45 45 League T41"]
[Site "Internet Chess Club"]
[Date "2009.05.04"]
[Round "1"]
[White "noblitz-oblige"]
[Black "EyeAm"]
[Result "1-0"]
[WhiteElo "1619"]
[BlackElo "1515"]
[Opening "Petrov: classical attack, Mason variation"]
[ECO "C42"]
[Time "13:09:56"]
[TimeControl "2700+45"]

1. e4 e5 2. Nf3 Nf6 3. Nxe5 d6 4. Nf3 Nxe4 5. d4 d5 6. Bd3 Be7 7. O-O O-O 8. h3
Be6 9. Nbd2 f5 10. Re1 Nd7 11. Nf1 c5 12. b3 b6 13. c4 Bh4 14. Nxh4 Qxh4 15. Qe2
cxd4 16. f3 Nec5 17. Ba3 Rfe8 18. Qc2 Nxd3 19. Qxd3 dxc4 20. bxc4 Bf7 21. Bb4 g6
22. Rad1 Nc5 23. Qxd4 Qxd4+ 24. Rxd4 Rxe1 25. Bxe1 Re8 26. Kf2 Be6 27. Ne3 Kf7
28. Nd5 Rd8 29. Ke3 b5 30. Nc7 Rxd4 31. Kxd4 Na4 32. Nxe6 Kxe6 33. cxb5 h6 34.
Bd2 g5 35. Kc4 Ke5 36. Be3 Nb6+ 37. Bxb6 axb6 38. a4 Kd6 39. Kd4 Ke6 40. g3 Kd6
41. f4 Ke6 42. Kc4 Kd6 43. Kb4 Kc7 44. a5 Kb7 45. a6+ Ka7 46. Kc4 Kb8 47. Kd5
Kc7 48. Ke5 gxf4 49. gxf4 {Black resigns} 1-0

[Event "Team 45 45 League T41"]
[Site "Internet Chess Club"]
[Date "2009.05.01"]
[Round "1"]
[White "billdong"]
[Black "chesskix"]
[Result "1-0"]
[WhiteElo "1442"]
[BlackElo "1469"]
[Opening "QGD Slav/Grünfeld: Schlechter variation"]
[ECO "D15"]
[Time "18:58:28"]
[TimeControl "2700+45"]

1. d4 c6 2. c4 d5 3. Nf3 Nf6 4. Nc3 g6 5. Bg5 Bg7 6. e3 O-O 7. Bd3 Be6 8. cxd5
cxd5 9. Qb3 Qb6 10. Bxf6 Qxb3 11. axb3 exf6 12. Nb5 Nc6 13. O-O Bd7 14. Nc3 Ne7
15. Ra3 a6 16. Rfa1 Bc6 17. b4 Rab8 18. b5 axb5 19. Nxb5 Bd7 20. Kf1 Nc6 21. Ke2
Nb4 22. Nc3 Nxd3 23. Kxd3 Bf5+ 24. Kd2 Rfd8 25. Ne1 Be6 26. Nd3 Bf8 27. Rb3 b6
28. Ra6 b5 29. Rxb5 Rxb5 30. Nxb5 Kg7 31. Nc7 Bf5 32. Nf4 Rb8 33. Kc1 Rc8 34.
Nxd5 Be4 35. Kd1 Bxg2 36. Nxf6 Rxc7 37. Ne8+ Kg8 38. Nxc7 Bf3+ 39. Kd2 Bb4+ 40.
Kc2 Be1 41. Rf6 Be4+ 42. Kd1 Ba5 43. Nb5 Bd8 44. Rf4 Bd3 45. Nc3 Bg5 46. Rf3 f5
47. Kd2 Ba6 48. b4 Kf7 49. b5 Bb7 50. Rh3 h5 51. f4 Bg2 52. Rg3 {Black resigns}
1-0

[Event "Team 45 45 League T41"]
[Site "Internet Chess Club"]
[Date "2009.05.02"]
[Round "1"]
[White "dondel"]
[Black "guyd52"]
[Result "1/2-1/2"]
[WhiteElo "1369"]
[BlackElo "1359"]
[Opening "QGD Slav defense"]
[ECO "D10"]
[Time "20:05:29"]
[TimeControl "2700+45"]

1. d4 d5 2. c4 c6 3. e3 g6 4. Nc3 Nf6 5. Nf3 Bg7 6. Be2 O-O 7. O-O b6 8. Re1 Be6
9. b3 Nbd7 10. Bd3 Rc8 11. Ng5 Qc7 12. Nxe6 fxe6 13. e4 e5 14. a4 exd4 15. Na2
e5 16. Nb4 Nc5 17. cxd5 cxd5 18. exd5 a5 19. Na6 Nxa6 20. Bxa6 Rcd8 21. Ba3 Rf7
22. Rc1 Qb8 23. d6 Nd7 24. Bc4 Rf8 25. Bxf7+ Rxf7 26. Qd2 Bf8 27. Rc2 Kg7 28.
Rec1 Qb7 29. Qg5 Qd5 30. Rb1 Bxd6 31. Bxd6 Qxd6 32. Qg3 Qd5 33. b4 d3 34. Rd2 e4
35. Re1 Qd4 36. bxa5 bxa5 37. Qh4 Nf6 38. g4 Qb4 39. Red1 h6 40. g5 hxg5 41.
Qxg5 Qxa4 42. Qe5 Qb4 43. Qa1 Qc5 44. Ra2 Kh6 45. Rxa5 Qb6 46. Rb1 Qd6 47. Re1
Ng4 48. f4 Qb6+ 49. Kh1 Qf2 50. Rh5+ gxh5 51. Qh8+ Rh7 52. Qf8+ Rg7 53. Qh8+ Rh7
54. Qf8+ {Game drawn by mutual agreement} 1/2-1/2

[Event "Team 45 45 League T41"]
[Site "Internet Chess Club"]
[Date "2009.05.01"]
[Round "1"]
[White "wekabird"]
[Black "blkmagic"]
[Result "0-1"]
[WhiteElo "1188"]
[BlackElo "1222"]
[Opening "English: Mikenas-Carls, Sicilian variation"]
[ECO "A19"]
[Time "23:00:27"]
[TimeControl "2700+45"]

1. c4 Nf6 2. Nc3 e6 3. e4 c5 4. Nf3 Nc6 5. d3 Be7 6. h3 d5 7. cxd5 exd5 8. exd5
Nxd5 9. g3 Nxc3 10. bxc3 O-O 11. Bg2 Qd5 12. g4 Ne5 13. O-O Qxd3 14. Nxe5 Qxc3
15. Bf4 Bf6 16. Rc1 Qa3 17. Rc2 Rd8 18. Qe2 Qa4 19. Nc4 Be6 20. Bg3 Bd5 21. Bxd5
Rxd5 22. Rfc1 b6 23. Qf3 Rad8 24. Ne3 Rd3 25. Qe2 Bg5 26. Rd1 Qe4 27. Rxd3 Rxd3
28. Nf5 Qxe2 29. Rxe2 h6 30. Re8+ Kh7 31. Nd6 Rd1+ 32. Kg2 Rc1 33. Nxf7 c4 34.
h4 Bf6 35. h5 g6 36. Bf4 Rc2 37. Bxh6 gxh5 38. Rh8+ Kg6 39. Rf8 hxg4 40. Be3 Bg7
41. Nh8+ Bxh8 42. Rxh8 Rxa2 43. Rg8+ Kf5 44. Rg5+ Kf6 45. Rxg4 c3 46. Rc4 c2 47.
Rc7 Kf5 48. Kf1 b5 49. Ke2 c1=Q+ 50. Kf3 Qxc7 51. Kg2 Qg7+ 52. Kf1 Kg4 53. Kg2
Qh7 {White resigns} 0-1

[Event "Team 45 45 League T41"]
[Site "Internet Chess Club"]
[Date "2009.05.02"]
[Round "1"]
[White "Krumpy"]
[Black "houseofcook"]
[Result "1/2-1/2"]
[WhiteElo "1561"]
[BlackElo "1424"]
[Opening "French: Tarrasch, closed variation"]
[ECO "C05"]
[Time "09:03:37"]
[TimeControl "2700+45"]

1. e4 e6 2. d4 d5 3. Nd2 Nf6 4. e5 Nfd7 5. Ngf3 c5 6. c3 Nc6 7. Bd3 cxd4 8. cxd4
f6 9. exf6 Nxf6 10. a3 Bd6 11. O-O O-O 12. Nb3 e5 13. dxe5 Nxe5 14. Nxe5 Bxe5
15. h3 Qc7 16. Rb1 Bd7 17. Nd2 Rae8 18. Nf3 Bd6 19. Bg5 Ne4 20. Rc1 Qb8 21. Be3
Rc8 22. Rxc8 Rxc8 23. Bxe4 dxe4 24. Qd5+ Kh8 25. Qxe4 Bc6 26. Qg4 Bxf3 27. Qxf3
Rf8 28. Qg4 b6 29. Bd4 Be5 30. Rd1 Bxd4 31. Qxd4 h6 32. Rd3 Re8 33. Kf1 Qh2 34.
Re3 Qh1+ 35. Ke2 Rxe3+ 36. Qxe3 Qxg2 37. Qf3 Qxf3+ 38. Kxf3 Kg8 39. Kf4 Kf7 40.
h4 Kf6 {Game drawn by mutual agreement} 1/2-1/2

[Event "Team 45 45 League T41"]
[Site "Internet Chess Club"]
[Date "2009.05.03"]
[Round "1"]
[White "Zohan"]
[Black "arconia"]
[Result "1-0"]
[WhiteElo "1311"]
[BlackElo "1361"]
[Opening "Sicilian: Smith-Morra gambit"]
[ECO "B21"]
[Time "18:00:04"]
[TimeControl "2700+45"]

1. e4 c5 2. d4 cxd4 3. c3 dxc3 4. Nxc3 Nc6 5. Nf3 e6 6. Bf4 d6 7. Bc4 Be7 8. O-O
e5 9. Bg3 Nh6 10. Nd5 Bg5 11. h4 Bf4 12. Bxf4 exf4 13. Nxf4 O-O 14. Nd5 Ne5 15.
Nxe5 dxe5 16. g3 Qd6 17. Rc1 Bg4 18. Qb3 b6 19. Qe3 Kh8 20. f3 f5 21. fxg4 Nxg4
22. Qd3 f4 23. gxf4 Qc5+ 24. Kg2 exf4 25. Nxf4 Ne3+ 26. Kh3 g5 27. Ne6 g4+ 28.
Kg3 Qe5+ 29. Nf4 Nxf1+ 30. Rxf1 Rf6 31. b3 Raf8 32. Qd2 Qxe4 33. Kxg4 Rg6+ 34.
Kh3 Qf5+ 35. Kh2 h5 36. Nxg6+ Qxg6 37. Rxf8+ Kh7 {Black resigns} 1-0

[Event "Team 45 45 League T41"]
[Site "Internet Chess Club"]
[Date "2009.05.04"]
[Round "1"]
[White "reverendjim"]
[Black "Skylab"]
[Result "1-0"]
[WhiteElo "1380"]
[BlackElo "1285"]
[Opening "Nimzo-Indian: 4.e3, Botvinnik system"]
[ECO "E49"]
[Time "23:00:07"]
[TimeControl "2700+45"]

1. d4 Nf6 2. c4 e6 3. Nc3 Bb4 4. e3 d5 5. a3 Bxc3+ 6. bxc3 O-O 7. Bd3 b6 8. Ne2
Bb7 9. O-O a5 10. cxd5 exd5 11. a4 Nbd7 12. c4 Rc8 13. Ba3 Re8 14. c5 bxc5 15.
dxc5 Ra8 16. Nd4 Ba6 17. Nc6 {Black resigns} 1-0